BSA
AUSTIN RIVER SHARKS @ MADISON BOMBERS
09/18/2026
 
TOP OF THE 1ST
Austin River Sharks batting - Pitching for Madison Bombers : LHP Bill Moore
Pitching: LHP Bill Moore
Batting: RHB Tyler Wagner 0-0: Fly out, F4 (Popup, 34D)
Batting: RHB Orlando Bruno 0-0: Called Strike
0-1: Swinging Strike
0-2: Fly out, F8 (Flyball, 8RD)
Batting: SHB Juan Castro 0-0: Ball
1-0: Ground out 3-1 (Groundball, 34)
Top of the 1st over - 0 run(s), 0 hit(s), 0 error(s), 0 left on base; Austin 0 - Madison 0
BOTTOM OF THE 1ST
Madison Bombers batting - Pitching for Austin River Sharks : RHP Esteban Alfonzo
Pitching: RHP Esteban Alfonzo
Batting: RHB Guo-xiu Choi 0-0: Ball
1-0: Foul Ball, location: 2F
1-1: Ball
2-1: Called Strike
2-2: Strikes out looking
Batting: RHB Alonso Holguín 0-0: Ball
1-0: Called Strike
1-1: Called Strike
1-2: Ball
2-2: Ball
3-2: Fly out, F8 (Flyball, 8LM)
Batting: LHB Seung-chun Mun 0-0: Called Strike
0-1: Swinging Strike
0-2: Ball
1-2: Ball
2-2: Ball
3-2: Strikes out looking
Bottom of the 1st over - 0 run(s), 0 hit(s), 0 error(s), 0 left on base; Austin 0 - Madison 0
TOP OF THE 2ND
Austin River Sharks batting - Pitching for Madison Bombers : LHP Bill Moore
Batting: LHB Pedro Zaragoza 0-0: Called Strike
0-1: Ball
1-1: Ball
2-1: Ball
3-1: DOUBLE (Line Drive, 7D)
Batting: LHB Terry Maloney 0-0: Swinging Strike
0-1: Ball
1-1: Swinging Strike
1-2: Strikes out swinging
Batting: RHB Cristián Peña 0-0: Ground out 6-3 (Groundball, 6)
Batting: RHB Carlos Pérez 0-0: Called Strike
0-1: Ball
1-1: Ball
2-1: Ground out 6-3 (Groundball, 6S)
Top of the 2nd over - 0 run(s), 1 hit(s), 0 error(s), 1 left on base; Austin 0 - Madison 0
BOTTOM OF THE 2ND
Madison Bombers batting - Pitching for Austin River Sharks : RHP Esteban Alfonzo
Batting: RHB Vicente Aguirre 0-0: Called Strike
0-1: Ball
1-1: Foul Ball, location: 2F
1-2: SINGLE (Groundball, 56D)
Batting: LHB Mike Callahan 0-0: Foul Ball, location: 2F
0-1: Ball
1-1: Ball
2-1: Called Strike
2-2: Ball
3-2: Strikes out swinging
Batting: RHB Sergio Márquez 0-0: Called Strike
0-1: Ball
1-1: Ball
2-1: Ball
3-1: Fly out, F7 (Flyball, 7S)
Batting: LHB Sixto Cantú 0-0: Called Strike
0-1: Ball
1-1: Ball
2-1: Ball
3-1: Base on Balls
Vicente Aguirre to second
Batting: SHB Dave MacThomas 0-0: Ball
1-0: Ball
2-0: Called Strike
2-1: Foul Ball, location: 2F
2-2: Ball
3-2: Foul Ball, location: 2F
3-2: Base on Balls
Vicente Aguirre to third
Sixto Cantú to second
Batting: RHB Quinton Martínez 0-0: Called Strike
0-1: Ball
1-1: Ball
2-1: Foul Ball, location: 2F
2-2: Strikes out swinging
Bottom of the 2nd over - 0 run(s), 1 hit(s), 0 error(s), 3 left on base; Austin 0 - Madison 0
TOP OF THE 3RD
Austin River Sharks batting - Pitching for Madison Bombers : LHP Bill Moore
Batting: SHB John Miller 0-0: Fly out, F4 (Popup, 4)
Batting: LHB Bruno Lalonde 0-0: Called Strike
0-1: Ground out 4-3 (Groundball, 4M)
Batting: RHB Tyler Wagner 0-0: Ball
1-0: SINGLE (Line Drive, 5D)
Batting: RHB Orlando Bruno 0-0: Called Strike
0-1: Called Strike
0-2: Ball
1-2: Strikes out swinging
Top of the 3rd over - 0 run(s), 1 hit(s), 0 error(s), 1 left on base; Austin 0 - Madison 0
BOTTOM OF THE 3RD
Madison Bombers batting - Pitching for Austin River Sharks : RHP Esteban Alfonzo
Batting: RHB Guo-xiu Choi 0-0: Ball
1-0: Ball
2-0: Ball
3-0: Base on Balls
Batting: RHB Alonso Holguín 0-0: Foul Ball, location: 2F
0-1: Fly out, F9 (Line Drive, 9M)
Batting: LHB Seung-chun Mun 0-0: Called Strike
0-1: Ball
1-1: Foul Ball, location: 2F
1-2: Ball
2-2: SINGLE (Line Drive, 89S)
Guo-xiu Choi to second
Runner from 2nd tries for 3rd, SAFE, no throw or cutoff
Batting: RHB Vicente Aguirre 0-0: Foul Ball, location: 2F
0-1: Ground out 5-3 (Groundball, 5S)
Guo-xiu Choi scores
Seung-chun Mun to second
Batting: LHB Mike Callahan 0-0: Called Strike
0-1: Ball
1-1: Called Strike
1-2: Reached on error, E4 (Groundball, 4)
Seung-chun Mun to third
Batting: RHB Sergio Márquez 0-0: Fielders Choice at 2nd, 5-4 (Groundball, 56)
Bottom of the 3rd over - 1 run(s), 1 hit(s), 1 error(s), 1 left on base; Austin 0 - Madison 1
TOP OF THE 4TH
Austin River Sharks batting - Pitching for Madison Bombers : LHP Bill Moore
Batting: SHB Juan Castro 0-0: Called Strike
0-1: Ball
1-1: SINGLE (Groundball, 6MD)
Batting: LHB Pedro Zaragoza 0-0: Foul Ball, location: 2F
0-1: Fly out, F8 (Flyball, 8LM)
Batting: LHB Terry Maloney 0-0: Swinging Strike
0-1: Ball
1-1: Ball
2-1: Grounds into double play, U4-3 (Groundball, 4M)
Top of the 4th over - 0 run(s), 1 hit(s), 0 error(s), 0 left on base; Austin 0 - Madison 1
BOTTOM OF THE 4TH
Madison Bombers batting - Pitching for Austin River Sharks : RHP Esteban Alfonzo
Batting: LHB Sixto Cantú 0-0: Ball
1-0: Ground out 6-3 (Groundball, 6)
Batting: SHB Dave MacThomas 0-0: Foul Ball, location: 2F
0-1: Foul Ball, location: 2F
0-2: Fly out, F7 (Line Drive, 78M)
Batting: RHB Quinton Martínez 0-0: Ball
1-0: Ball
2-0: Called Strike
2-1: Foul Ball, location: 2F
2-2: SINGLE (Line Drive, 8LS)
Batting: RHB Guo-xiu Choi 0-0: Called Strike
0-1: Ball
1-1: Called Strike
1-2: Foul Ball, location: 2F
1-2: Ball
2-2: Foul Ball, location: 2F
2-2: Ball
3-2: Base on Balls
Quinton Martínez to second
Batting: RHB Alonso Holguín 0-0: Swinging Strike
0-1: Ground out U3 (Groundball, 3S)
Bottom of the 4th over - 0 run(s), 1 hit(s), 0 error(s), 2 left on base; Austin 0 - Madison 1
TOP OF THE 5TH
Austin River Sharks batting - Pitching for Madison Bombers : LHP Bill Moore
Batting: RHB Cristián Peña 0-0: Ball
1-0: Ground out 1-3 (Groundball, 13S)
Batting: RHB Carlos Pérez 0-0: Ball
1-0: Ball
2-0: SINGLE (Line Drive, 34D)
Batting: SHB John Miller 0-0: SINGLE (Groundball, 56D)
Carlos Pérez to second
Batting: LHB Bruno Lalonde 0-0: Called Strike
0-1: Ball
1-1: Swinging Strike
1-2: Fly out, F5 (Popup, 25F)
Batting: RHB Tyler Wagner 0-0: Called Strike
0-1: Ball
1-1: Ball
2-1: Fly out, F9 (Flyball, 9M)
Top of the 5th over - 0 run(s), 2 hit(s), 0 error(s), 2 left on base; Austin 0 - Madison 1
BOTTOM OF THE 5TH
Madison Bombers batting - Pitching for Austin River Sharks : RHP Esteban Alfonzo
Pitching: RHP Ricardo Sánchez
Batting: LHB Seung-chun Mun 0-0: Swinging Strike
0-1: Called Strike
0-2: SINGLE (Line Drive, 9S)
Batting: RHB Vicente Aguirre 0-0: Ball
1-0: Called Strike
1-1: Grounds into double play, 4-6-3 (Groundball, 4)
Batting: LHB Mike Callahan 0-0: Ball
1-0: Foul Ball, location: 2F
1-1: Called Strike
1-2: Strikes out swinging
Bottom of the 5th over - 0 run(s), 1 hit(s), 0 error(s), 0 left on base; Austin 0 - Madison 1
TOP OF THE 6TH
Austin River Sharks batting - Pitching for Madison Bombers : LHP Bill Moore
Batting: RHB Orlando Bruno 0-0: Ball
1-0: Ball
2-0: SINGLE (Groundball, 56)
Batting: SHB Juan Castro 0-0: Swinging Strike
0-1: Ball
1-1: Foul Ball, location: 2F
1-2: Foul Ball, location: 2F
1-2: SINGLE (Line Drive, 56D)
Orlando Bruno to second
Batting: LHB Pedro Zaragoza 0-0: Called Strike
0-1: SINGLE (Line Drive, 89S)
Orlando Bruno to third
Juan Castro to second
Batting: LHB Terry Maloney 0-0: Fly out, F7 (Flyball, 7M)
Runner from 3rd tags up, SCORES, no throw
Batting: RHB Cristián Peña 0-0: SINGLE (Groundball, 25) (infield hit)
Juan Castro to third
Pedro Zaragoza to second
Batting: RHB Carlos Pérez 0-0: SINGLE (Groundball, 6MD)
Juan Castro scores
Pedro Zaragoza to third
Cristián Peña to second
Runner from 3rd tries for Home, SAFE, throw made home
Cristián Peña to third
Carlos Pérez to second
Batting: SHB John Miller 0-0: Fly out, F7 (Flyball, 8LD)
Runner from 3rd tags up, SCORES, no throw
Carlos Pérez to third
Batting: LHB Bruno Lalonde 0-0: Ball
1-0: Ball
2-0: Called Strike
2-1: Ball
3-1: Fly out, F7 (Flyball, 7D)
Top of the 6th over - 4 run(s), 5 hit(s), 0 error(s), 1 left on base; Austin 4 - Madison 1
BOTTOM OF THE 6TH
Madison Bombers batting - Pitching for Austin River Sharks : RHP Ricardo Sánchez
Batting: RHB Sergio Márquez 0-0: Ball
1-0: Swinging Strike
1-1: Ball
2-1: Swinging Strike
2-2: Ball
3-2: SINGLE (Line Drive, 6MD)
Batting: LHB Sixto Cantú 0-0: Swinging Strike
0-1: Ball
1-1: Foul Ball, location: 2F
1-2: Ball
2-2: Fly out, F8 (Popup, 6MD)
Batting: SHB Dave MacThomas 0-0: Ball
Sergio Márquez is caught stealing 2nd base
1-0: Ball
2-0: Foul Ball, location: 2F
2-1: SINGLE (Groundball, 34D)
Batting: RHB Quinton Martínez 0-0: Ball
1-0: Ground out 5-3 (Groundball, 56)
Bottom of the 6th over - 0 run(s), 2 hit(s), 0 error(s), 1 left on base; Austin 4 - Madison 1
TOP OF THE 7TH
Austin River Sharks batting - Pitching for Madison Bombers : LHP Bill Moore
Batting: RHB Tyler Wagner 0-0: Called Strike
0-1: Ball
1-1: SINGLE (Line Drive, 34D)
Batting: RHB Orlando Bruno 0-0: Sac Bunt - play at first, batter OUT! 5-3
Tyler Wagner to second
Batting: SHB Juan Castro 0-0: Called Strike
0-1: Foul Ball, location: 2F
0-2: Ball
1-2: Fly out, F8 (Flyball, 8LXD)
Runner from 2nd tags up, SAFE at 3rd, no throw
Batting: LHB Pedro Zaragoza 0-0: Ball
1-0: Ball
2-0: Called Strike
2-1: Ball
3-1: Swinging Strike
3-2: Strikes out swinging
Top of the 7th over - 0 run(s), 1 hit(s), 0 error(s), 1 left on base; Austin 4 - Madison 1
BOTTOM OF THE 7TH
Madison Bombers batting - Pitching for Austin River Sharks : RHP Ricardo Sánchez
Pitching: RHP Jim Hendon
Batting: RHB Guo-xiu Choi 0-0: Ball
1-0: Ball
2-0: Called Strike
2-1: Foul Ball, location: 2F
2-2: Ball
3-2: Strikes out swinging
Batting: RHB Alonso Holguín 0-0: Ball
1-0: Fly out, F9 (Flyball, 89M)
Batting: LHB Seung-chun Mun 0-0: Called Strike
0-1: Ball
1-1: Called Strike
1-2: Foul Ball, location: 2F
1-2: Ball
2-2: Foul Ball, location: 2F
2-2: Ground out 4-3 (Groundball, 4MS)
Bottom of the 7th over - 0 run(s), 0 hit(s), 0 error(s), 0 left on base; Austin 4 - Madison 1
TOP OF THE 8TH
Austin River Sharks batting - Pitching for Madison Bombers : LHP Bill Moore
Batting: LHB Terry Maloney 0-0: Called Strike
0-1: Foul Ball, location: 2F
0-2: Ball
1-2: Ground out U3 (Groundball, 3)
Batting: RHB Cristián Peña 0-0: Ground out 5-3 (Groundball, 5)
Batting: RHB Carlos Pérez 0-0: Called Strike
0-1: Ball
1-1: Ball
2-1: Foul Ball, location: 2F
2-2: DOUBLE (Line Drive, 89M)
Batting: SHB John Miller 0-0: Fly out, F7 (Flyball, 7M)
Top of the 8th over - 0 run(s), 1 hit(s), 0 error(s), 1 left on base; Austin 4 - Madison 1
BOTTOM OF THE 8TH
Madison Bombers batting - Pitching for Austin River Sharks : RHP Jim Hendon
Batting: RHB Vicente Aguirre 0-0: Ball
1-0: Called Strike
1-1: Ball
2-1: Foul Ball, location: 2F
2-2: Strikes out looking
Batting: LHB Mike Callahan 0-0: Ball
1-0: Called Strike
1-1: Swinging Strike
1-2: Foul Ball, location: 2F
1-2: Foul Ball, location: 2F
1-2: Strikes out swinging
Batting: RHB Sergio Márquez 0-0: Swinging Strike
0-1: Ground out 6-3 (Groundball, 56D)
Bottom of the 8th over - 0 run(s), 0 hit(s), 0 error(s), 0 left on base; Austin 4 - Madison 1
TOP OF THE 9TH
Austin River Sharks batting - Pitching for Madison Bombers : LHP Bill Moore
Batting: LHB Bruno Lalonde 0-0: Called Strike
0-1: Ball
1-1: Ball
2-1: Called Strike
2-2: Ground out 5-3 (Groundball, 5S)
Batting: RHB Tyler Wagner 0-0: Ball
1-0: Ball
2-0: SINGLE (Groundball, 56D)
Batting: RHB Orlando Bruno 0-0: Ball
1-0: Called Strike
Tyler Wagner steals 2nd base
1-1: Foul Ball, location: 2F
1-2: 2-RUN HOME RUN (Flyball, 7D), Distance : 360 ft
Pitching: LHP Dave Carbone
Batting: SHB Juan Castro 0-0: Called Strike
0-1: Ball
1-1: Fly out, F4 (Popup, 4MD)
Batting: LHB Pedro Zaragoza 0-0: Foul Ball, location: 2F
0-1: Ground out 4-3 (Groundball, 34)
Top of the 9th over - 2 run(s), 2 hit(s), 0 error(s), 0 left on base; Austin 6 - Madison 1
BOTTOM OF THE 9TH
Madison Bombers batting - Pitching for Austin River Sharks : RHP Jim Hendon
Now in RF: Ingo Backx
Batting: LHB Sixto Cantú 0-0: Called Strike
0-1: Called Strike
0-2: Ground out 3-1 (Groundball, 34S)
Batting: SHB Dave MacThomas 0-0: Ball
1-0: Ball
2-0: Swinging Strike
2-1: Foul Ball, location: 2F
2-2: Strikes out swinging
Batting: RHB Quinton Martínez 0-0: Ground out 5-3 (Groundball, 5)
Bottom of the 9th over - 0 run(s), 0 hit(s), 0 error(s), 0 left on base; Austin 6 - Madison 1
Monday, December 5th, 2016 - OOTP Baseball 17.12 Build 75